 Seeded DCSS version 0.30.1-11-g7821555f0a (webtiles) character file.

Game seed: 20231111 (custom seed)

345 Firecrotchwizard the Slasher (level 6, -2/57 HPs)
             Began as a Tengu Berserker on Nov 11, 2023.
             Was a Priest of Trog.
             Killed by divine providence
             ... invoked by an orc priest
              (10 damage)
             ... on level 4 of the Dungeon.
             The game lasted 00:07:15 (2791 turns).

Firecrotchwizard the Slasher (Tengu Berserker)      Turns: 2791, Time: 00:07:16

Health: -2/57      AC:  9    Str: 20    XL:     6   Next: 58%
Magic:  0/7        EV: 13    Int:  7    God:    Trog [***...]
Gold:   220        SH:  0    Dex: 13    Spells: 5/5 levels left

rFire   + . .        s - +1 dagger (venom)
rCold   . . .        (no shield)
rNeg    . . .        t - +0 scale mail
rPois   .            (helmet restricted)
rElec   .            m - +0 cloak
rCorr   .            c - +0 pair of gloves
SInv    .            (boots unavailable)
Will    ++...        g - amulet of guardian spirit Stlth
                     k - ring of protection from fire
HPRegen 1.29/turn    (no ring)
MPRegen 0.10/turn

%: guardian spirit
@: berserking, strong-willed, flying quickly and evasively, regenerating, very
quick
A: beak, talons 3, nimble flight
a: Renounce Religion, Berserk, Trog's Hand


You were on level 4 of the Dungeon.
You worshipped Trog.
Trog was most pleased with you.
You visited 1 branch of the dungeon, and saw 4 of its levels.

You collected 220 gold pieces.

Inventory:

Hand Weapons
 a - a +0 falchion
 j - the +6 whip of Makhleb, Writhing {flame, rF++ Str+3}
   (You found it on level 2 of the Dungeon)

   Str:       It affects your strength (+3).
   rF:        It greatly protects you from fire.
 s - a +1 dagger of venom (weapon)
Armour
 b - a +0 animal skin
 c - a +0 pair of gloves (worn)
 m - a +0 cloak (worn)
 o - a +0 ring mail
 t - a +0 scale mail (worn)
Jewellery
 g - an amulet of guardian spirit (around neck)
 k - a ring of protection from fire (left hand)
Wands
 q - a wand of iceblast (7)
Scrolls
 e - a scroll of acquirement {unknown}
 f - a scroll of poison
 i - 3 scrolls of identify {unknown}
 l - a scroll of noise {unknown}
 u - a scroll of teleportation {unknown}
Potions
 d - a potion of brilliance {unknown}
 h - a potion of lignification {unknown}
 n - 4 potions of degeneration {unknown}
 p - a potion of might {unknown}
 r - a potion of mutation {unknown}


   Skills:
 + Level 4.1 Fighting
 * Level 5.6 Long Blades
 + Level 3.8 Armour
 + Level 3.7 Dodging


You had 5 spell levels left.
You didn't know any spells.
Your spell library was empty.

Dungeon Overview and Level Annotations

Branches:
Dungeon (4/15)
 Temple: D:4-7

Altars:
Fedhas
Ru

Shops:
D:2 :*


Innate Abilities, Weirdness & Mutations

You have a beak for a mouth.
You have claws for feet.
Your magical nature lets you fly swiftly and evasively.


Message History

An orc comes into view. It is wielding a +0 hand axe.
A ball python comes into view.
The orc shouts!
You hear a shout! x2
An orc wizard comes into view. It is wielding a +0 dagger.
An orc and an orc priest come into view.
The orc shouts!
The orc wizard shouts!
The orc priest shouts!
The orc wizard gestures wildly while chanting.
The orc wizard flickers and vanishes!
Deactivating autopickup; reactivate with Ctrl-A.
The orc priest moves out of view.
An orc priest comes into view. It is wielding a +0 flail.
You barely miss the orc. You claw the orc!
You kill the orc!
Trog accepts your kill.
A magic dart appears from out of thin air!
The magic dart hits you.
You hit the ball python.
The ball python is poisoned.
The ball python is severely wounded.
You kill the ball python!
Trog accepts your kill.
A hobgoblin comes into view.
The orc hits you but does no damage.
The orc priest mumbles some strange prayers to Beogh against you.
You barely resist. You closely miss the orc priest.
The orc priest mumbles some strange prayers to Beogh against you.
Beogh smites you! The orc barely misses you.
The orc priest hits you but does no damage.
You hit the orc priest.
The orc priest is poisoned.
You claw the orc priest. You peck the orc priest.
The orc priest is heavily wounded.
The orc barely misses you. The orc priest misses you.
You hit the orc priest but do no damage.
The orc priest looks as sick as possible!
The orc priest is heavily wounded.
The orc priest calls down the wrath of Beogh upon you.
Beogh smites you!
* * * LOW HITPOINT WARNING * * *
The orc priest hits you but does no damage.
The orc hits you with a +0 club.
* * * LOW MAGIC WARNING * * *
* * * LOW HITPOINT WARNING * * *
You hit the orc priest.
The orc priest is almost dead.
You kill the orc priest!
Trog accepts your kill. The orc hits you but does no damage.
Unknown command.
Aiming: Iceblast
Press: ? - help, Shift-Dir - straight line, f - orc priest
Aim: an orc priest, wielding a +0 flail The mass of ice explodes!
The iceblast engulfs something!
Trog accepts your kill.
You feel a bit more experienced.
The iceblast engulfs the orc priest!
The orc priest is almost dead.
The iceblast engulfs you!
* * * LOW MAGIC WARNING * * *
* * * LOW HITPOINT WARNING * * *
You hear an angry hiss.
You hear a shout!
You hear some strange, mumbled words.
A magic dart appears from out of thin air!
The magic dart hits you.
* * * LOW HITPOINT WARNING * * *
You hit something. Your peck misses something.
Unknown command.
You barely miss something. Your peck misses something. You hit the hobgoblin.
Your peck misses the hobgoblin.
The hobgoblin is lightly wounded.
Something hits you but does no damage.
The orc priest looks encouraged for a moment.
The hobgoblin closely misses you.
You closely miss the hobgoblin.
The hobgoblin is lightly wounded.
Something hits you but does no damage. The hobgoblin hits you.
* * * LOW HITPOINT WARNING * * *
Your skin crawls.
You feel strong-willed. Something hits you.
* * * LOW HITPOINT WARNING * * *
The hobgoblin barely misses you.
You hit the hobgoblin but do no damage.
The hobgoblin is poisoned.
The hobgoblin is lightly wounded.
Trog accepts your kill.
Trog appreciates your killing of a magic user.
Reactivating autopickup.
You feel a bit more experienced.
The hobgoblin hits you but does no damage.
A red film seems to cover your vision as you go berserk!
You feel yourself moving faster!
You feel mighty!
An adder comes into view.
The hobgoblin barely misses you.
The adder hisses angrily.
You puncture the hobgoblin!
You kill the hobgoblin!
Trog accepts your kill.
A scorpion comes into view.
The orc priest invokes the aid of Beogh against you.
Beogh smites you!
* * * LOW MAGIC WARNING * * *
You die...

......##........ #.
#..##.#.......##
..##.............#
.s......†##......
.........#......
##..###..#...... .
#..###.........
#...#..)#..........
......o)@).##......
.....####S## .....
... #.# .##.. . ...
# .. .#... .#.... .
#..... ##.....


You could see a scorpion, an orc priest and an adder.

Vanquished Creatures
  An ice beast (D:3)
  An orc priest (D:4)
  Ijyb (D:3)
  A sleepcap (D:3)
  An orc wizard (D:4)
  Robin (D:3)
  2 adders (D:3)
  An ufetubus (D:3)
  6 worms
  3 dart slugs
  4 orcs
  11 ball pythons
  3 endoplasms
  4 giant cockroaches
  13 goblins
  9 hobgoblins
  3 jackals (D:3)
  3 quokkas
  5 bats
  8 frilled lizards
  8 kobolds
  4 rats
93 creatures vanquished.

Notes
Turn   | Place    | Note
-------+----------+-------------------------------------------
     0 | D:1      | Firecrotchwizard the Tengu Berserker began the quest for
                  | the Orb.
     0 | D:1      | Reached XP level 1. HP: 14/14 MP: 2/2
   111 | D:1      | Reached XP level 2. HP: 17/19 MP: 3/3
   607 | D:1      | Reached XP level 3. HP: 18/23 MP: 4/4
   702 | D:1      | Reached ** piety under Trog
   759 | D:1      | Reached skill level 4 in Long Blades
  1303 | D:2      | Identified the +6 whip of Makhleb, Writhing {flame, rF++
                  | Str+3}
  1534 | D:2      | Found Buroniwk's Assorted Antiques.
  1546 | D:2      | Reached XP level 4. HP: 13/28 MP: 3/5
  1875 | D:2      | Found Narodis's Book Shoppe.
  2033 | D:3      | Noticed Ijyb
  2050 | D:3      | Killed Ijyb
  2051 | D:3      | Gained mutation: Your magical nature lets you fly swiftly
                  | and evasively. [Tengu growth]
  2051 | D:3      | Reached XP level 5. HP: 30/32 MP: 3/6
  2209 | D:3      | Found a blossoming altar of Fedhas.
  2549 | D:3      | Found a sacrificial altar of Ru.
  2558 | D:4      | Noticed Robin
  2597 | D:4      | Noticed an ice beast
  2616 | D:3      | Reached skill level 5 in Long Blades
  2637 | D:3      | Killed an ice beast
  2638 | D:3      | Reached XP level 6. HP: 17/38 MP: 1/7
  2638 | D:3      | Killed Robin
  2774 | D:4      | Reached *** piety under Trog
  2791 | D:4      | Killed from afar by an orc priest

Illustrated notes

Levels and vault maps discovered:
D:1:      dpeg_arrival_boxes_within_box, layout_basic, minmay_lizard_pond
D:2:      minmay_kobold_bridge, layout_basic, serial_shops, shop,
          nicolae_shop_peninsula, nrook_mini_vaults, serial_bayou_ford_a,
          st_stairs_5, nicolae_kite_square_tiling_tiny,
          chequers_serial_rivers_micro_a, serial_park_tiny_pond,
          kennysheep_generic_room_2
D:3:      layout_rooms, fedhas_ov_isle_minmay, nicolae_ru_path_of_blood,
          uniq_ijyb
D:4:      layout_cave_pools, kennysheep_mini_moat, okawaru_altar_gauntlet_db,
          uniq_crazy_yiuf_cottage, uniq_eustachio, uniq_robin

Skill      XL: |  1  2  3  4  5  6 |
---------------+-------------------+-----
Long Blades    | 4 5 |  5.6
Armour         | 3 |  3.8
Dodging        | 3 |  3.7
Fighting       | 4 |  4.1

Action                     |  1- 3 |  4- 6 || total
---------------------------+-------+-------++-------
  Melee: Falchion          |   100 |       ||   100
         Kick              |    25 |    41 ||    66
         Peck              |    11 |    22 ||    33
         Dagger            |     9 |   127 ||   136
         Punch             |     2 |     1 ||     3
 Invoke: Berserk           |       |     2 ||     2
         Trog's Hand       |       |     1 ||     1
  Evoke: Wand              |       |     1 ||     1
    Use: Scroll            |     1 |       ||     1
   Stab: Sleeping          |     1 |       ||     1
 Armour: Animal skin       |    22 |     7 ||    29
         Ring mail         |       |     5 ||     5
         Scale mail        |       |    54 ||    54
  Dodge: Dodged            |    64 |   102 ||   166
